 Dungeon Crawl Stone Soup version 0.29-a0-334-gb41bcbb86e (webtiles) character file.

Game seed: 9755846631186615202

48 Hubjo the Digger (level 3, -3/21 HPs)
             Began as a Gargoyle Earth Elementalist on Apr 13, 2022.
             Slain by Sigmund
             ... wielding a +0 scythe
              (7 damage)
             ... on level 2 of the Dungeon.
             The game lasted 00:05:04 (3545 turns).

Hubjo the Digger (Gargoyle Earth Elementalist)      Turns: 3545, Time: 00:05:07

Health: -3/21      AC:  7    Str: 11    XL:     3   Next: 72%
Magic:  3/6        EV: 11    Int: 17    God:
Gold:   103        SH:  0    Dex: 10    Spells: 5/6 levels left

rFire   . . .      SeeInvis .   (no weapon)
rCold   . . .      Faith    .   (no shield)
rNeg    + . .      Spirit   .   b - +0 robe
rPois   ∞          Reflect  .   g - +2 hat
rElec   +          Harm     .   (no cloak)
rCorr   .          Rampage  .   (no gloves)
Will    .....                   (no boots)
Stlth   ++........              (no amulet)
HPRegen 0.07/turn               (no ring)
MPRegen 0.10/turn               (no ring)

@: flying
A: sickness immunity, AC +3, negative energy resistance 1, electricity
resistance, torment resistance 1, petrification resistance
a: no special abilities


You were on level 2 of the Dungeon.
You visited 1 branch of the dungeon, and saw 2 of its levels.

You collected 103 gold pieces.

Inventory:

Missiles
 a - 51 stones
 m - 4 silver boomerangs (quivered)
Armour
 b - a +0 robe (worn)
 g - a +2 hat (worn)
Scrolls
 i - a scroll of noise
 k - a scroll of holy word
Potions
 c - 2 potions of magic


   Skills:
 * Level 1.9 Fighting
 - Level 1.5 Dodging
 * Level 3.3 Stealth
 + Level 2.1 Spellcasting
 + Level 1.1 Transmutations
 + Level 3.9 Earth Magic


You had 5 spell levels left.
You knew the following spells:

 Your Spells              Type           Power      Damage    Failure   Level
a - Sandblast             Erth           30%        2d9       3%          1

Your spell library contained the following spells:

 Spells                   Type           Power      Damage    Failure   Level
 Passwall                 Tmut/Erth      8%         N/A       11%         2
 Wereblood                Tmut           5%         N/A       19%         2
 Stone Arrow              Conj/Erth      16%        3d8       26%         3
 Petrify                  Tmut/Erth      10%        N/A       56%         4
 Summon Hydra             Summ           0%         N/A       100%        7
 Sublimation of Blood     Necr           Unusable   N/A       N/A         2

Dungeon Overview and Level Annotations

Branches:
Dungeon (2/15)

Altars:

Annotations:
D:2 Sigmund


Innate Abilities, Weirdness & Mutations

You are immune to sickness and miasma.
Your stone body is resilient. (AC +3)
You are immune to poison.
You resist negative energy. (rN+)
You are resistant to electric shocks. (rElec)
You are resistant to unholy torment.
You are immune to petrification.


Message History

* * * LOW HITPOINT WARNING * * *
You miss something. You closely miss something.
Something hits you but does no damage.
You completely miss something.
You hear a splashing noise.
Casting: Sandblast (safe; 3% risk of failure)
Confirm with . or Enter, or press ? or * to list all spells.
You can't see any susceptible monsters within range! (Use Z to cast anyway.) Unknown command.
Unknown command.
Casting: Sandblast (safe; 3% risk of failure)
Confirm with . or Enter, or press ? or * to list all spells.
You can't see any susceptible monsters within range! (Use Z to cast anyway.)
Casting: Sandblast (safe; 3% risk of failure)
Confirm with . or Enter, or press ? or * to list all spells.
You don't know that spell.
Casting: Sandblast (safe; 3% risk of failure)
Confirm with . or Enter, or press ? or * to list all spells.
You can't see any susceptible monsters within range! (Use Z to cast anyway.)
Casting: Sandblast (safe; 3% risk of failure)
Confirm with . or Enter, or press ? or * to list all spells.
Aiming: Sandblast (safe; 3% risk of failure)
Press: ? - help, Shift-Dir - straight line
Aim: Disturbance The blast of sand hits something.
a - 52 stones You miss something.
You hear a splashing noise.
Casting: Sandblast (safe; 3% risk of failure)
Confirm with . or Enter, or press ? or * to list all spells.
You can't see any susceptible monsters within range! (Use Z to cast anyway.)
Casting: Sandblast (safe; 3% risk of failure)
Confirm with . or Enter, or press ? or * to list all spells.
Aiming: Sandblast (safe; 3% risk of failure)
Press: ? - help, Shift-Dir - straight line
Aim: Disturbance The blast of sand hits something.
a - 51 stones Something hits you!
You die...

.#..............##...#.##..#.##
...###<##.#####.####.#)......#
#...##.##.# #....# #.......#.#
#.#.##.##.###....# ##...####.#
#..........##....# #...# #.#
###..#.##........# ##...# #.#
##...####......# #....# #.#
#..######################.#
####..##..###≈≈≈@{≈≈≈≈≈#≈≈≈#.#
..........≈≈≈≈≈≈#######≈≈###.#
#.........##########≈≈≈≈≈#...#
#.........# #≈≈≈≈≈######..#
#.........###########≈≈≈#....#
#####.#####≈≈≈### #≈≈###...#
###≈≈≈≈≈≈≈≈≈#####≈≈≈≈#...#
###≈≈≈≈#####≈≈≈≈≈≈≈≈≈#####.#
###≈≈≈≈###.#####≈≈≈##### #.#


There were no monsters in sight!

Vanquished Creatures
  A ball python (D:2)
  8 endoplasms
  4 goblins
  6 hobgoblins
  6 kobolds
  A quokka (D:2)
  7 bats
  3 frilled lizards (D:1)
  7 rats
43 creatures vanquished.

Notes
Turn   | Place    | Note
-------+----------+-------------------------------------------
     0 | D:1      | Hubjo the Gargoyle Earth Elementalist began the quest for
                  | the Orb.
     0 | D:1      | Reached XP level 1. HP: 10/10 MP: 3/3
   740 | D:1      | Reached XP level 2. HP: 8/16 MP: 3/5
   742 | D:1      | Reached skill level 1 in Fighting
   751 | D:1      | Reached skill level 1 in Transmutations
  2088 | D:1      | Reached XP level 3. HP: 20/20 MP: 6/6
  3194 | D:2      | Noticed Sigmund
  3545 | D:2      | Slain by Sigmund

Illustrated notes

Levels and vault maps discovered:
D:1:      tarquinn_simple_flora_water_a, layout_loops_ring
D:2:      layout_rooms, chequers_serial_rivers_large_b, lemuel_another_geyser,
          uniq_sigmund

Skill      XL: |  1  2  3 |
---------------+----------+-----
Fighting       | 1 |  1.9
Transmutations | 1 |  1.1
Stealth        | 3 |  3.3
Dodging        | |  1.5
Spellcasting   | |  2.1
Earth Magic    | |  3.9

Action                   || total
-------------------------++-------
Melee: Unarmed           ||   229
       Punch             ||     1
Throw: Boomerang         ||     3
 Cast: Sandblast         ||    24
  Use: Scroll            ||     6
       Potion            ||     2
 Stab: Sleeping          ||     4
Armor: Robe              ||    96
Dodge: Dodged            ||   138

Table legend: (Time is in decaauts)
 A = Elapsed time spent in this place.
 B = Non-inter-level travel time spent in this place.
 C = Inter-level travel time spent in this place.
 D = Time resting spent in this place.
 E = Time spent auto-exploring this place.
 F = Levels seen in this place.
 G = Mean time per level.
                   A        B        C        D        E       F      G
               +--------+--------+--------+--------+--------+-----+--------+
         Total |   3576 |   3548 |     28 |    232 |   2772 |   2 | 1788.0 |
       Dungeon |   3576 |   3548 |     28 |    232 |   2772 |   2 | 1788.0 |
               +--------+--------+--------+--------+--------+-----+--------+

Top non-repeatable levels by time:
     D:1: 2805 daAuts
     D:2: 770 daAuts
